 Dungeon Crawl Stone Soup version 0.25-a0-290-g4a1327ee3a (webtiles) character file.

Game seed: 3759805030178099310, levelgen mode: deterministic

14 MisterFreud the Poker (level 2, -3/22 HPs)
             Began as a Merfolk Skald on Dec 13, 2019.
             Slain by Sigmund
             ... wielding a +0 scythe
              (11 damage)
             ... on level 2 of the Dungeon.
             The game lasted 00:01:47 (995 turns).

MisterFreud the Poker (Merfolk Skald)                Turns: 995, Time: 00:01:48

Health: -3/22      AC:  4    Str: 11    XL:     2   Next: 41%
Magic:  4/5        EV: 12    Int: 17    God:
Gold:   77         SH:  0    Dex: 13    Spells: 2/5 levels left

rFire    . . .     SeeInvis .   a - +0 spear
rCold    . . .     Gourm    .   (no shield)
rNeg     . . .     Faith    .   b - +0 leather armour
rPois    .         Spirit   .   (no helmet)
rElec    .         Reflect  .   f - +0 cloak
rCorr    .         Harm     .   (no gloves)
MR       .....                  (no boots)
Stlth    +.........             (no amulet)
HPRegen  0.07/turn              (no ring)
MPRegen  0.09/turn              (no ring)

@: brilliant
A: change form in water, swift swim, stealthy swim
a: no special abilities


You were on level 2 of the Dungeon.
You were not hungry.

You visited 1 branch of the dungeon, and saw 2 of its levels.

You collected 77 gold pieces.

Inventory:

Hand Weapons
 a - a +0 spear (weapon)
Missiles
 g - 95 stones (quivered)
 k - 8 atropa-tipped darts
Armour
 b - a +0 leather armour (worn)
 f - a +0 cloak (worn)
Scrolls
 h - 2 scrolls of teleportation {unknown}
 j - 2 scrolls of remove curse {unknown}
 m - a scroll of fear {unknown}
Potions
 e - a potion of curing
 i - a potion of brilliance
 l - a potion of magic {unknown}
Comestibles
 c - 3 chunks of flesh
 d - 5 rations


   Skills:
 - Level 2.1 Fighting
 + Level 4.4 Polearms
 - Level 0.6 Armour
 - Level 2.6 Dodging
 - Level 2.0 Spellcasting
 - Level 3.2 Charms


You had 2 spell levels left.
You knew the following spells:

 Your Spells              Type           Power        Failure   Level  Hunger
a - Infusion              Chrm           ###.         1%          1    #......
b - Shroud of Golubria    Chrm/Tloc      ###...       2%          2    ###....

Your spell library contained the following spells:

 Spells                   Type           Power        Failure   Level  Hunger
 Song of Slaying          Chrm           ###.....     1%          2    ###....
 Regeneration             Chrm/Necr      ###.......   4%          3    ###....
 Spectral Weapon          Hex/Chrm       ###.....     4%          3    ###....


Dungeon Overview and Level Annotations

Branches:
Dungeon (2/15)

Altars:

Annotations:
D:2 Sigmund


Message History

You closely miss the leopard gecko.
The leopard gecko is severely wounded.
Something hits you. The leopard gecko bites you.
You bump into the rock wall.
The leopard gecko barely misses you.
You hit the leopard gecko but do no damage.
The leopard gecko is severely wounded.
The leopard gecko bites you.
You bump into the rock wall.
The leopard gecko barely misses you. Something hits you.
* * * LOW HITPOINT WARNING * * *
You bump into the rock wall.
The leopard gecko misses you. The leopard gecko closely misses you.
It was a potion of brilliance.
You feel clever all of a sudden.
You feel less confused. Something hits you.
* * * LOW HITPOINT WARNING * * *
The leopard gecko barely misses you.
It was a potion of curing.
You feel better. Something hits you!
Ouch! That really hurt!
You die...

#.#...#.# #.#
#.......# #.#
#.......# #.#
#.......# #.#
#.#...### #.#
# #...# #.#
##{## #.# #l#
#.# #@# #.#
#.# #.#
#.##.# ###.#
#.##.# #...#
#.##.# #.###
#.##.# #.#
#.##.# #.#
#.##.# #.#
########.##.#
#.#


You could see a leopard gecko.

Vanquished Creatures
  A leopard gecko (D:1)
  A giant cockroach (D:1)
  2 hobgoblins (D:1)
  A quokka (D:2)
  3 bats
  A kobold (D:1)
  3 rats
12 creatures vanquished.

Notes
Turn   | Place    | Note
-------+----------+-------------------------------------------
     0 | D:1      | MisterFreud the Merfolk Skald began the quest for the Orb.
     0 | D:1      | Reached XP level 1. HP: 16/16 MP: 3/3
   408 | D:1      | Reached skill level 4 in Polearms
   408 | D:1      | Reached XP level 2. HP: 15/22 MP: 5/5
   901 | D:2      | Learned a level 2 spell: Shroud of Golubria
   941 | D:2      | Noticed Sigmund
   995 | D:2      | Slain by Sigmund

Levels and vault maps discovered:
D:1:      dpeg_arrival_arbitrary_a, layout_basic
D:2:      layout_loops_ring, uniq_sigmund

Skill      XL: |  1 |
---------------+----+-----
Polearms       | 4 |  4.4
Fighting       | |  2.1
Armour         | |  0.6
Dodging        | |  2.6
Spellcasting   | |  2.0
Charms         | |  3.2

Action                   || total
-------------------------++-------
Melee: Spear             ||    64
 Cast: Shroud of Golubri ||     1
       Infusion          ||     1
  Use: Potion            ||     2
Armor: Leather armour    ||    13
Dodge: Dodged            ||    55

Table legend:
 A = Non-vault XP
 B = Vault XP
 C = Vault XP percentage of total XP
 D = Non-vault monster count
 E = Vault monster count
 F = Vault count percentage of total count
                 A         B        C        D         E       F
            +---------+---------+-------+---------+---------+-------
      Total |      20 |       0 |   0.0 |      12 |       0 |   0.0
            +---------+---------+-------+---------+---------+-------
        D:1 |      15 |       0 |   0.0 |       9 |       0 |   0.0
        D:2 |       5 |       0 |   0.0 |       3 |       0 |   0.0
            +---------+---------+-------+---------+---------+-------
